cohdb
Replays
Latest Replays
All Replays
Popular Replays
Top Player Replays
Match Explorer
How It Works
Community
CoH3 Stats
Reddit
Sign in to upload your games and track your stats! →
Sign in with Steam
Match 43663882
Unlisted
Match 43663882
Overview
Messages
Build Orders
End
Construct Barracks
Riflemen Squad
M1 Mortar Team
Riflemen Squad
Riflemen Squad
Grenade Package
Construct Medical Station
M1 Mortar Team
Air Support Center
Grasshopper Recon Run
Engineer Squad
P-47 Dive Bomb
Double Sortie
P-47 Dive Bomb
P-47 Strafing Run
M1918 Browning Automatic Rifles
Grasshopper Recon Run
Construct Weapon Support Center
M3 Armored Personnel Carrier
P-47 Strafing Run
P-47 Dive Bomb
Grasshopper Recon Run
P-47 Dive Bomb
P-47 Strafing Run
Bish Bash Bosh
♛Prince-Of-Persia♛
Meleys
jMNO
SIR NOOBTON
德意志第三军团
south korea
This game made me racer. F CH*NA
0
0
Comments
sign in to comment!
No comments posted yet!